 Dungeon Crawl Stone Soup version 0.16-a0-4123-g49b462e (webtiles) character file.

29 WhatIsLove the Conjurer (level 2, -5/20 HPs)
             Began as a Demigod Conjurer on Mar 2, 2015.
             Slain by Zicovof the big kobold
             ... wielding a +2 vampiric short sword
             ... created by the player character
              (6 damage)
             ... on level 2 of the Dungeon.
             The game lasted 00:06:16 (1197 turns).

WhatIsLove the Conjurer (Demigod Conjurer)          Turns: 1197, Time: 00:06:16

Health: -5/20      AC:  3    Str: 11    XL:     2   Next: 81%
Magic:  7/7        EV: 12    Int: 19    God:
Gold:   54         SH:  0    Dex: 16    Spells: 2 memorised, 4 levels left

rFire  . . .     SeeInvis .     k - +0 dagger
rCold  . . .     Clarity  .     h - +0 leather armour (curse)
rNeg   . . .     SustAb   +     (no shield)
rPois  .         Gourm    .     (no helmet)
rElec  .         Spirit   .     (no cloak)
rCorr  .         Warding  .     (no gloves)
rMut   .         Rnd*Tele +     (no boots)
MR     .....                    (no amulet)
Stlth  ++........               (no ring)
                                (no ring)

@: not resistant to hostile enchantments, unstealthy
A: teleportitis 1, sustain abilities
a: no special abilities


You were on level 2 of the Dungeon.
You were very hungry.

You visited 1 branch of the dungeon, and saw 2 of its levels.

You collected 56 gold pieces.

Inventory:

Hand weapons
 k - a +0 dagger (weapon)
Missiles
 o - 13 poisoned needles
Armour
 a - a +0 robe
 h - a cursed +0 leather armour (worn)
Scrolls
 d - a scroll of amnesia {unknown}
 e - 2 scrolls of recharging {unknown}
 g - a scroll of remove curse {unknown}
 l - 2 scrolls of identify {unknown}
 p - a scroll of magic mapping {unknown}
Potions
 j - a potion of flight {unknown}
 m - a potion of haste {unknown}
 n - 2 potions of heal wounds {unknown}
 r - a potion of degeneration {unknown}
Books
 c - a book of Conjurations

   Spells                             Type                      Level
   a - Magic Dart                     Conjuration                  1
   b - Searing Ray                    Conjuration                  2
   c - Dazzling Spray                 Conjuration/Hexes            3
   d - Fulminant Prism                Conjuration/Hexes            4
   e - Iskenderun's Mystic Blast      Conjuration                  4
   f - Iskenderun's Battlesphere      Conjuration/Charms           5
Comestibles
 b - 3 bread rations
 f - a meat ration
 i - 2 beef jerkies
 q - a slice of pizza


   Skills:
 - Level 1.7 Dodging
 - Level 1.7 Stealth
 + Level 3.0 Spellcasting
 - Level 3.6 Conjurations


You had 4 spell levels left.
You knew the following spells:

 Your Spells              Type           Power        Failure   Level  Hunger
a - Magic Dart            Conj           ###.         6%          1    None
b - Searing Ray           Conj           ###...       10%         2    ##.....


Dungeon Overview and Level Annotations

Branches:
Dungeon (2/15)


Innate Abilities, Weirdness & Mutations

Your attributes are resistant to harm.
Space occasionally distorts in your vicinity.


Message History

You become more resolute.
You stop training Evocations.
Zicovof hits you with a vampiric short sword.
Zicovof draws strength from your injuries!
There are no items here.
Firing (i - inventory): No suitable missiles.
Press: ? - help, Shift-Dir - straight line, f - Zicovof
Aim: Zicovof the big kobold, wielding a vampiric short sword and wearing a glowing robe (moderately wounded, durably summoned)
Okay, then.
You see here a dagger.
Your skin feels tender.
Your cleaving frenzy subsides.
Your fortitude fades away.
You see here a dagger.
You are feeling very hungry.
Zicovof hits you with a vampiric short sword.
* * * LOW HITPOINT WARNING * * *
You see here a dagger.
Zicovof hits you with a vampiric short sword.
You die...

########
#.pK...#
#.####.# #.#
##.####### #.#
#.)......# ###
#.#
#(.#####.####.#
#.# #..#
#.......
#.###..#
####....
#......# ##...
#####.## ##.#


You could see Zicovof the big kobold.

Vanquished Creatures
  A worm (D:1)
  A giant gecko (D:1)
  An ooze (D:1)
  2 goblins (D:1)
  A hobgoblin (D:1)
  8 bats
  3 kobolds
  4 rats (D:1)
21 creatures vanquished.

Notes
Turn   | Place    | Note
--------------------------------------------------------------
     0 | D:1      | WhatIsLove, the Demigod Conjurer, began the quest for the Orb.
     0 | D:1      | Reached XP level 1. HP: 14/14 MP: 3/3
     0 | D:1      | Noticed a spriggan
     1 | D:1      | Noticed a minotaur
     3 | D:1      | Noticed a minotaur
     3 | D:1      | Noticed a draconian
     6 | D:1      | Noticed a dwarf
     7 | D:1      | Noticed a human
     8 | D:1      | Noticed a dwarf
    10 | D:1      | Noticed a spriggan
    12 | D:1      | Noticed a vine stalker
    14 | D:1      | Noticed a vine stalker
    16 | D:1      | Noticed a gargoyle
    16 | D:1      | Noticed a centaur
    16 | D:1      | Noticed an elf
    18 | D:1      | Noticed an ogre
    18 | D:1      | Noticed a dwarf
    19 | D:1      | Noticed an elf
   404 | D:1      | Reached XP level 2. HP: 7/20 MP: 0/6
   466 | D:1      | Learned a level 2 spell: Searing Ray
  1002 | D:2      | Found a sparkling altar of Nemelex Xobeh.
  1096 | D:2      | Gained mutation: Space occasionally distorts in your vicinity. [helix card]
  1097 | D:2      | Noticed Zicovof
  1124 | D:2      | HP: 1/20 [Zicovof the big kobold/vampiric short sword[the player character] (9)]
  1189 | D:2      | HP: 1/20 [Zicovof the big kobold/vampiric short sword[the player character] (4)]
  1197 | D:2      | Slain by Zicovof the big kobold

Action                   || total
-------------------------++-------
Melee: Dagger            ||    20
       Unarmed           ||     7
 Cast: Magic Dart        ||    32
       Searing Ray       ||     2
Evoke: Deck              ||    10
